 Dungeon Crawl Stone Soup version 0.20-a0-835-gd6476b5 (webtiles) character file.

526 AlphabetPasta the Chopper (level 7, -3/61 HPs)
             Began as a Deep Dwarf Skald on Mar 7, 2017.
             Slain by an ogre
             ... wielding a +0 giant club
              (19 damage)
             ... on level 4 of the Dungeon.
             The game lasted 00:27:37 (3674 turns).

AlphabetPasta the Chopper (Deep Dwarf Skald)        Turns: 3674, Time: 00:27:38

Health: -3/61      AC:  4    Str: 14    XL:     7   Next: 2%
Magic:  2/11       EV: 13    Int: 14    God:
Gold:   238        SH:  0    Dex: 14    Spells: 3/11 levels left

rFire    . . .     SeeInvis .   a - +0 hand axe
rCold    . . .     Gourm    .   b - +1 leather armour
rNeg     . . .     Faith    .   (no shield)
rPois    .         Spirit   .   (no helmet)
rElec    .         Reflect  .   (no cloak)
rCorr    .         Harm     .   (no gloves)
MR       +....                  (no boots)
Stlth    +.........             (no amulet)
Regen    0.0/turn               (no ring)
MPRegen  0.2/turn               (no ring)

@: infused, very slightly contaminated, non-regenerating
A: damage resistance, heal wounds, sense surroundings 1, no regeneration
a: Heal Wounds


You were on level 4 of the Dungeon.
You were not hungry.

You visited 1 branch of the dungeon, and saw 4 of its levels.
You also visited: Sewer.

You collected 238 gold pieces.

Inventory:

Hand Weapons
 a - a +0 hand axe (weapon)
Missiles
 o - 21 bolts
Armour
 b - a +1 leather armour (worn)
 u - a +0 buckler
Jewellery
 e - an uncursed ring of fire
Scrolls
 i - a scroll of amnesia
 p - 3 scrolls of fog
 q - a scroll of blinking
 r - 3 scrolls of teleportation
 s - 2 scrolls of recharging
Potions
 f - 2 potions of flight
 g - a potion of agility
 h - a potion of haste {unknown}
 m - 2 potions of curing
 n - a potion of might {unknown}
 v - a potion of mutation
 w - a potion of brilliance {unknown}
Books
 c - a book of Battle

   Spells                             Type                      Level
   a - Infusion                       Charms                       1
   b - Shroud of Golubria             Charms/Translocation         2
   c - Song of Slaying                Charms                       2
   d - Spectral Weapon                Hexes/Charms                 3
   e - Regeneration                   Charms/Necromancy            3
 j - a book of Misfortune

   Spells                             Type                      Level
   a - Confusing Touch                Hexes                        1
   b - Confuse                        Hexes                        3
   c - Gell's Gravitas                Translocation                3
   d - Petrify                        Transmutation/Earth          4
   e - Metabolic Englaciation         Hexes/Ice                    5
   f - Yara's Violent Unravelling     Hexes/Transmutation          5
 t - a book of Minor Magic

   Spells                             Type                      Level
   a - Magic Dart                     Conjuration                  1
   b - Blink                          Translocation                2
   c - Call Imp                       Summoning                    2
   d - Slow                           Hexes                        2
   e - Conjure Flame                  Conjuration/Fire             3
   f - Mephitic Cloud                 Conjuration/Poison/Air       3
Comestibles
 d - 2 bread rations
 k - 3 meat rations
 l - 4 chunks of flesh


   Skills:
 + Level 2.9 Fighting
 * Level 4.9 Axes
 + Level 2.9 Armour
 + Level 3.9 Dodging
 + Level 2.7 Spellcasting
 + Level 3.5 Charms
 + Level 0.9 Translocations


You had 3 spell levels left.
You knew the following spells:

 Your Spells              Type           Power        Failure   Level  Hunger
a - Infusion              Chrm           ##..         10%         1    #......
b - Song of Slaying       Chrm           ##......     12%         2    ###....
c - Shroud of Golubria    Chrm/Tloc      #.........   21%         2    ###....
d - Spectral Weapon       Hex/Chrm       #.......     47%         3    ###....


Dungeon Overview and Level Annotations

Branches:
Dungeon (4/15)
 Temple: D:4-7

Altars:
Ashenzari
Fedhas
Nemelex Xobeh
Okawaru
Trog
Vehumet

Shops:
D:4 [


Innate Abilities, Weirdness & Mutations

You are resistant to damage.
You can heal yourself by infusing magical energy.
You passively map a small area around you.
You do not regenerate.


Message History

You barely miss the quokka. You hit the worker ant. The worker ant bites you.
Your shroud falls apart!
The quokka bites you but does no damage.
You barely miss the quokka. You closely miss the worker ant.
The worker ant bites you. The quokka bites you.
You hit the quokka.
The quokka is severely wounded.
You hit the worker ant but do no damage.
The worker ant bites you!
* * * LOW HITPOINT WARNING * * *
The quokka barely misses you.
The worker ant bites you but does no damage.
The quokka bites you but does no damage.
You hit the quokka!
You kill the quokka!
You hit the worker ant! The worker ant misses you.
You hit the ogre.
The ogre is lightly wounded.
You hit the worker ant. The ogre hits you with a giant club!!
You die...

.######...# * * .# ##.##
* , .# #...# , .# #...#
, # .# #...####### , #.#
#### #........># ... ,
...####....####.#*,..# ,
##..............##...###
................@O.?....
##.....###......#a.#.#.#
# .##.# ##.###.#...#
##.#.# ##....#....#
...#. * #.####.###.# *
#### * **#.# .., .. * **
## .. . * * *..* , *, **
* ,


You could see an ogre and a worker ant.

Vanquished Creatures
  Duvessa (D:4)
  Dowan (D:4)
  An orc priest (D:3)
  An orc wizard (D:3)
  An iguana (D:4)
  3 worker ants
  A river rat (D:3)
  9 adders
  4 oozes (Sewer)
  7 worms
  A dart slug (D:2)
  9 leopard geckos
  7 orcs (D:3)
  3 ball pythons
  11 bats
  8 giant cockroaches
  3 goblins
  6 hobgoblins
  7 jackals
  4 quokkas
  7 frilled lizards
  9 kobolds
  6 rats
  A plant (D:2)
111 creatures vanquished.

Notes
Turn   | Place    | Note
-------+----------+-------------------------------------------
     0 | D:1      | AlphabetPasta the Deep Dwarf Skald began the quest for the Orb.
     0 | D:1      | Reached XP level 1. HP: 19/19 MP: 3/3
   187 | D:1      | Reached XP level 2. HP: 26/26 MP: 0/4
   193 | D:1      | Learned a level 2 spell: Song of Slaying
   647 | D:2      | Learned a level 2 spell: Song of Slaying
   819 | D:2      | Learned a level 2 spell: Shroud of Golubria
   827 | D:2      | Reached skill level 3 in Axes
   827 | D:2      | Reached XP level 3. HP: 23/32 MP: 1/6
  1304 | D:2      | Reached XP level 4. HP: 28/39 MP: 4/7
  1963 | D:3      | Found a glowing drain.
  1980 | Sewer    | Entered a sewer
  1983 | Sewer    | Reached XP level 5. HP: 32/45 MP: 2/8
  2007 | Sewer    | Learned a level 3 spell: Spectral Weapon
  2628 | Sewer    | Reached skill level 4 in Axes
  2898 | D:3      | Found a sparkling altar of Nemelex Xobeh.
  2898 | D:3      | Found a radiant altar of Vehumet.
  2898 | D:3      | Found a bloodstained altar of Trog.
  3114 | D:3      | Found a shattered altar of Ashenzari.
  3114 | D:3      | Found a blossoming altar of Fedhas.
  3115 | D:3      | Found an iron altar of Okawaru.
  3168 | D:3      | Reached XP level 6. HP: 23/55 MP: 6/9
  3397 | D:4      | Found Yliutui's Armour Shop.
  3415 | D:4      | Noticed Dowan
  3416 | D:4      | Noticed Duvessa
  3435 | D:4      | Killed Duvessa
  3447 | D:4      | Killed Dowan
  3561 | D:4      | Reached XP level 7. HP: 29/61 MP: 2/11
  3674 | D:4      | Slain by an ogre

Vault maps used:
D:1:      nicolae_arrival_memento_mori
D:2:      serial_forest, infiniplex_forest_end_1, infiniplex_forest_clump_small,
          infiniplex_forest_corner_1, infiniplex_forest_join,
          infiniplex_forest_clump_diagonal, infiniplex_forest_3_way,
          infiniplex_forest_lined_room_2, infiniplex_forest_straight_2
D:3:      grunt_temple_overflow_open, gup_sewer_entry_bubbles,
          minmay_misc_feat_roman, kennysheep_cluttered_room
D:4:      first_bread, serial_shops, shop, uniq_pikel, uniq_duvessa
Sewer:    sewer_fruit_machine

Skill      XL: |  1  2  3  4  5 |
---------------+----------------+-----
Spellcasting   | 2 |  2.7
Fighting       | 2 |  2.9
Axes           | 3 4 |  4.9
Charms         | 3 |  3.5
Dodging        | 3 |  3.9
Armour         | 2 |  2.9
Translocations | |  0.9

Action                   |  1- 3 |  4- 6 |  7- 9 || total
-------------------------+-------+-------+-------++-------
Melee: Hand axe          |   144 |   246 |     6 ||   396
       War axe           |       |    41 |       ||    41
 Cast: Infusion          |    19 |    36 |     1 ||    56
       Song of Slaying   |       |     7 |       ||     7
       Shroud of Golubri |       |     2 |     1 ||     3
 Abil: Heal Wounds       |       |     3 |       ||     3
  Use: Scroll            |     4 |    11 |       ||    15
       Potion            |     1 |     6 |       ||     7
 Stab: Invisible         |       |     7 |       ||     7
  Eat: Chunk             |     2 |    10 |       ||    12
Armor: Leather armour    |    19 |    88 |     3 ||   110
Dodge: Dodged            |    66 |   244 |     4 ||   314
